TOP OF THE 1ST |
University of Georgia Bulldogs batting - Pitching for University of Miami Hurricanes : LHP Dao-zi Woo
|
Pitching: LHP Dao-zi Woo
|
|
Batting: RHB Justin Szymczyk
|
0-0: Ground out 4-3 (Groundball, 4, EV 103.1 MPH)
|
Batting: RHB Jeff Wornick
|
0-0: Ground out U3 (Groundball, 3S, EV 78.8 MPH)
|
Batting: RHB Charlie Davison
|
0-0: Foul Ball, location: 2F 0-1: Ball 1-1: Foul Ball, location: 2F 1-2: Ball 2-2: Foul Ball, location: 2F 2-2: Ground out 4-3 (Groundball, 34, EV 87.5 MPH)
|
Top of the 1st over - 0 runs, 0 hits, 0 errors, 0 left on base; University of Georgia 0 - University of Miami 0 |
BOTTOM OF THE 1ST |
University of Miami Hurricanes batting - Pitching for University of Georgia Bulldogs : RHP Tony Fox
|
Pitching: RHP Tony Fox
|
|
Batting: SHB Taylor Shelton
|
0-0: Ball 1-0: Foul Ball, location: 2F 1-1: Called Strike 1-2: Ball 2-2: Foul Ball, location: 2F 2-2: Ground out 6-3 (Groundball, 6, EV 91.9 MPH)
|
Batting: LHB Hector Salazar
|
0-0: Ball 1-0: Ball 2-0: SINGLE (Groundball, 56, EV 86.9 MPH) (infield hit)
|
Batting: RHB Burke Miller
|
0-0: Ball 1-0: Called Strike 1-1: Ball 2-1: Called Strike Hector Salazar steals 2nd, throwing error, E2 Hector Salazar to third 2-2: Fly out, F8 (Flyball, 8RS, EV 98.1 MPH)
|
Batting: RHB Luke Jensen
|
0-0: Ball 1-0: Ball 2-0: Ball 3-0: Called Strike 3-1: Foul Ball, location: 2F 3-2: Ground out 6-3 (Groundball, 6, EV 83.1 MPH)
|
Bottom of the 1st over - 0 runs, 1 hit, 1 error, 1 left on base; University of Georgia 0 - University of Miami 0 |
TOP OF THE 2ND |
University of Georgia Bulldogs batting - Pitching for University of Miami Hurricanes : LHP Dao-zi Woo
|
Batting: RHB Murilo Cunha
|
0-0: Called Strike 0-1: Ball 1-1: Ground out 3-1 (Groundball, 34, EV 110.0 MPH)
|
Batting: LHB Sloan Rayner
|
0-0: Swinging Strike 0-1: Ball 1-1: Ball 2-1: Foul Ball, location: 2F 2-2: Hit by Pitch
|
Batting: RHB Javier Alcorta
|
0-0: Ball 1-0: Foul Ball, location: 2F 1-1: Ball 2-1: Foul Ball, location: 2F 2-2: SINGLE (Line Drive, 9S, EV 93.8 MPH) Sloan Rayner to second Runner from 2nd tries for 3rd, SAFE, no throw by RF
|
Batting: RHB James Warby
|
0-0: Called Strike 0-1: Ball 1-1: Swinging Strike 1-2: Strikes out swinging
|
Batting: LHB Milton Yeo
|
0-0: Called Strike 0-1: Ball 1-1: Ground out 4-3 (Groundball, 4, EV 82.5 MPH)
|
Top of the 2nd over - 0 runs, 1 hit, 0 errors, 2 left on base; University of Georgia 0 - University of Miami 0 |
BOTTOM OF THE 2ND |
University of Miami Hurricanes batting - Pitching for University of Georgia Bulldogs : RHP Tony Fox
|
Batting: RHB Luis Sanchez
|
0-0: Ball 1-0: Ball 2-0: Called Strike 2-1: Ground out 6-3 (Groundball, 6S, EV 83.8 MPH)
|
Batting: LHB Brian Woods
|
0-0: Ball 1-0: DOUBLE (Flyball, 7LD, EV 92.5 MPH)
|
Batting: RHB Chris Zubia
|
0-0: Ball 1-0: Hit by Pitch
|
Batting: RHB Danny Gallardo
|
0-0: Ball 1-0: Foul Ball, location: 2F 1-1: Fielders Choice at 2nd, 4-6 (Groundball, 13, EV 81.2 MPH) Brian Woods to third
|
Batting: RHB Justin Jackson
|
0-0: Ball 1-0: Foul Ball, location: 2F 1-1: Fly out, F9 (Flyball, 9S, EV 88.1 MPH)
|
Bottom of the 2nd over - 0 runs, 1 hit, 0 errors, 2 left on base; University of Georgia 0 - University of Miami 0 |
TOP OF THE 3RD |
University of Georgia Bulldogs batting - Pitching for University of Miami Hurricanes : LHP Dao-zi Woo
|
Batting: LHB Pang Xú
|
0-0: Called Strike 0-1: Foul Ball, location: 2F 0-2: Strikes out swinging
|
Batting: RHB Justin Szymczyk
|
0-0: Called Strike 0-1: Ball 1-1: Swinging Strike 1-2: Strikes out swinging
|
Batting: RHB Jeff Wornick
|
0-0: Fly out, F5 (Line Drive, 5L, EV 70.0 MPH)
|
Top of the 3rd over - 0 runs, 0 hits, 0 errors, 0 left on base; University of Georgia 0 - University of Miami 0 |
BOTTOM OF THE 3RD |
University of Miami Hurricanes batting - Pitching for University of Georgia Bulldogs : RHP Tony Fox
|
Batting: SHB Taylor Shelton
|
0-0: Ball 1-0: Swinging Strike 1-1: Ball 2-1: Ball 3-1: Base on Balls
|
Batting: LHB Hector Salazar
|
0-0: Called Strike 0-1: Called Strike 0-2: Ball Taylor Shelton steals 2nd base 1-2: Fly out, F8 (Flyball, 8LS, EV 93.1 MPH)
|
Batting: RHB Burke Miller
|
0-0: Ball 1-0: Swinging Strike 1-1: Ball 2-1: Ball 3-1: Base on Balls
|
Batting: RHB Luke Jensen
|
0-0: Foul Ball, location: 2F 0-1: Foul Ball, location: 2F 0-2: Ball 1-2: Ball 2-2: Ball 3-2: Base on Balls Taylor Shelton to third Burke Miller to second
|
Batting: RHB Luis Sanchez
|
0-0: Grounds into fielders choice 1-2 (Groundball, 13, EV 71.2 MPH) Burke Miller to third Luke Jensen to second
|
Batting: LHB Brian Woods
|
0-0: Fly out, F9 (Flyball, BS7, EV 105.0 MPH)
|
Bottom of the 3rd over - 0 runs, 0 hits, 0 errors, 3 left on base; University of Georgia 0 - University of Miami 0 |
TOP OF THE 4TH |
University of Georgia Bulldogs batting - Pitching for University of Miami Hurricanes : LHP Dao-zi Woo
|
Batting: RHB Charlie Davison
|
0-0: Called Strike 0-1: Swinging Strike 0-2: Strikes out looking
|
Batting: RHB Murilo Cunha
|
0-0: Foul Ball, location: 2F 0-1: Ball 1-1: Ground out 6-3 (Groundball, 56D, EV 105.0 MPH)
|
Batting: LHB Sloan Rayner
|
0-0: Ground out 5-3 (Groundball, 56S, EV 69.4 MPH)
|
Top of the 4th over - 0 runs, 0 hits, 0 errors, 0 left on base; University of Georgia 0 - University of Miami 0 |
BOTTOM OF THE 4TH |
University of Miami Hurricanes batting - Pitching for University of Georgia Bulldogs : RHP Tony Fox
|
Batting: RHB Chris Zubia
|
0-0: Ball 1-0: Ball 2-0: Called Strike 2-1: Ball 3-1: Base on Balls
|
Batting: RHB Danny Gallardo
|
0-0: Ball 1-0: Called Strike 1-1: Ball 2-1: Foul Ball, location: 2F 2-2: Ball 3-2: Base on Balls Chris Zubia to second
|
Batting: RHB Justin Jackson
|
0-0: Ball 1-0: Called Strike 1-1: SINGLE (Line Drive, 78M, EV 110.0 MPH) Chris Zubia to third Danny Gallardo to second
|
Pinch Hitting: RHB Drew Morgenstern
|
0-0: DOUBLE (Flyball, 8LXD, EV 104.4 MPH) Chris Zubia scores Danny Gallardo scores Justin Jackson to third
|
Pinch Hitting: RHB Mark Kerr
|
0-0: Ball 1-0: Called Strike 1-1: Swinging Strike 1-2: SINGLE (Groundball, 5S, EV 64.4 MPH) (infield hit) Justin Jackson scores Drew Morgenstern to third
|
Pitching: RHP Raul Ledesma
|
|
Batting: RHB Burke Miller
|
0-0: Ball Mark Kerr is caught stealing 2nd base 2-4 1-0: Ball 2-0: Ground out 6-3 (Groundball, 6MS, EV 69.4 MPH) Drew Morgenstern scores
|
Batting: RHB Luke Jensen
|
0-0: Swinging Strike 0-1: Ball 1-1: Fly out, F9 (Flyball, 89S, EV 93.8 MPH)
|
Bottom of the 4th over - 4 runs, 3 hits, 0 errors, 0 left on base; University of Georgia 0 - University of Miami 4 |
TOP OF THE 5TH |
University of Georgia Bulldogs batting - Pitching for University of Miami Hurricanes : LHP Dao-zi Woo
|
Now at 2B: C.J. Fleet
|
|
Now at 3B: Addergoole Kartosuwiryo
|
|
Now at SS: Tu Vo
|
|
Now in CF: Mark Kerr
|
|
Now in RF: Brian Woods
|
|
Batting: RHB Javier Alcorta
|
0-0: Ball 1-0: Foul Ball, location: 2F 1-1: Foul Ball, location: 2F 1-2: Foul Ball, location: 2F 1-2: Ball 2-2: Ball 3-2: Ground out 5-3 (Groundball, 5S, EV 70.6 MPH)
|
Batting: RHB James Warby
|
0-0: Called Strike 0-1: Foul Ball, location: 2F 0-2: Foul Ball, location: 2F 0-2: Ball 1-2: Strikes out swinging
|
Batting: LHB Milton Yeo
|
0-0: DOUBLE (Line Drive, 7LS, EV 101.2 MPH)
|
Batting: LHB Pang Xú
|
0-0: Ball 1-0: Swinging Strike 1-1: Called Strike 1-2: Ball 2-2: Foul Ball, location: 2F 2-2: Ball 3-2: Ground out 4-3 (Groundball, 4, EV 77.5 MPH)
|
Top of the 5th over - 0 runs, 1 hit, 0 errors, 1 left on base; University of Georgia 0 - University of Miami 4 |
BOTTOM OF THE 5TH |
University of Miami Hurricanes batting - Pitching for University of Georgia Bulldogs : RHP Raul Ledesma
|
Pitching: LHP Andres Caceres
|
|
Now at C: Hairama Seiuli
|
|
Now at 3B: Luis Mejia
|
|
Now in LF: Bryan Ross
|
|
Batting: RHB Leonardo Morales
|
0-0: Called Strike 0-1: Called Strike 0-2: Strikes out swinging, 2-3 out at first.
|
Pinch Hitting: RHB Jaquan Dumas
|
0-0: Called Strike 0-1: Ball 1-1: Called Strike 1-2: Foul Ball, location: 2F 1-2: Ball 2-2: Ball 3-2: Foul Ball, location: 2F 3-2: Strikes out looking
|
Batting: RHB Chris Zubia
|
0-0: Ball 1-0: Foul Ball, location: 2F 1-1: Called Strike 1-2: Foul Ball, location: 2F 1-2: Foul Ball, location: 2F 1-2: Ball 2-2: Ball 3-2: SOLO HOME RUN (Flyball, 7LD, EV 95.0 MPH), Distance : 366 ft
|
Batting: LHB Addergoole Kartosuwiryo
|
0-0: Ball 1-0: Foul Ball, location: 2F 1-1: Ball 2-1: Fly out, F8 (Flyball, 8LXD, EV 93.1 MPH)
|
Bottom of the 5th over - 1 run, 1 hit, 0 errors, 0 left on base; University of Georgia 0 - University of Miami 5 |
TOP OF THE 6TH |
University of Georgia Bulldogs batting - Pitching for University of Miami Hurricanes : LHP Dao-zi Woo
|
Pitching: RHP Wakina Olopoto
|
|
Now at 1B: Chun-hak Ahn
|
|
Now in LF: Jonathan Gardner
|
|
Now in RF: Juan Zuniga
|
|
Pinch Hitting: RHB Nate McCormick
|
0-0: Ball 1-0: Ball 2-0: SINGLE (Line Drive, 34D, EV 107.5 MPH)
|
Batting: LHB Luis Mejia
|
0-0: Ball 1-0: Ball Nate McCormick steals 2nd base 2-0: Called Strike 2-1: Ground out 4-3 (Groundball, 4, EV 81.9 MPH) Nate McCormick to third
|
Pinch Hitting: LHB Dennis Klein
|
0-0: Foul Ball, location: 2F 0-1: Fly out, F7 (Flyball, 7, EV 78.1 MPH) Runner from 3rd tags up, SCORES, throw by LF
|
Pinch Hitting: LHB Edwin Zavala
|
0-0: Called Strike 0-1: Called Strike 0-2: Strikes out swinging
|
Top of the 6th over - 1 run, 1 hit, 0 errors, 0 left on base; University of Georgia 1 - University of Miami 5 |
BOTTOM OF THE 6TH |
University of Miami Hurricanes batting - Pitching for University of Georgia Bulldogs : LHP Andres Caceres
|
Pitching: LHP Dan Hardy
|
|
Now at 1B: Cole Sanchez
|
|
Now at 2B: Nate McCormick
|
|
Now in CF: Edwin Zavala
|
|
Now in RF: Dennis Klein
|
|
Batting: RHB Justin Jackson
|
0-0: Ball 1-0: Foul Ball, location: 2F 1-1: Foul Ball, location: 2F 1-2: Strikes out swinging
|
Batting: RHB Tu Vo
|
0-0: Ball 1-0: Called Strike 1-1: Foul Ball, location: 2F 1-2: Ball 2-2: Foul Ball, location: 2F 2-2: Strikes out swinging, 2-3 out at first.
|
Batting: RHB Mark Kerr
|
0-0: Foul Ball, location: 2F 0-1: Ball 1-1: Ball 2-1: Ball 3-1: Foul Ball, location: 2F 3-2: Base on Balls
|
Batting: LHB Juan Zuniga
|
0-0: Ball 1-0: Ball 2-0: Called Strike Mark Kerr is caught stealing 2nd base 2-6
|
Bottom of the 6th over - 0 runs, 0 hits, 0 errors, 0 left on base; University of Georgia 1 - University of Miami 5 |
TOP OF THE 7TH |
University of Georgia Bulldogs batting - Pitching for University of Miami Hurricanes : RHP Wakina Olopoto
|
Pitching: LHP Bert Anderson
|
|
Batting: LHB Cole Sanchez
|
0-0: Ball 1-0: Ball 2-0: Foul Ball, location: 2F 2-1: Fly out, F6 (Line Drive, 6, EV 65.6 MPH)
|
Batting: LHB Bryan Ross
|
0-0: Called Strike 0-1: Foul Ball, location: 2F 0-2: Strikes out swinging
|
Pinch Hitting: RHB Albert Rodriguez
|
0-0: Ball 1-0: Ball 2-0: Called Strike 2-1: Ball 3-1: Swinging Strike 3-2: Foul Ball, location: 2F 3-2: Foul Ball, location: 2F 3-2: Fly out, F7 (Flyball, 78M, EV 89.4 MPH)
|
Top of the 7th over - 0 runs, 0 hits, 0 errors, 0 left on base; University of Georgia 1 - University of Miami 5 |
BOTTOM OF THE 7TH |
University of Miami Hurricanes batting - Pitching for University of Georgia Bulldogs : LHP Dan Hardy
|
Now at 2B: Albert Rodriguez
|
|
Now at SS: Nate McCormick
|
|
Batting: LHB Juan Zuniga
|
0-0: Ball 1-0: SINGLE (Line Drive, 6M, EV 110.0 MPH)
|
Batting: RHB C.J. Fleet
|
0-0: Swinging Strike 0-1: Ball 1-1: Swinging Strike 1-2: Strikes out swinging
|
Batting: RHB Leonardo Morales
|
0-0: Called Strike 0-1: Ball 1-1: Fly out, F9 (Flyball, 89D, EV 109.4 MPH)
|
Batting: RHB Jonathan Gardner
|
0-0: SINGLE (Groundball, 2L, EV 65.0 MPH) (infield hit) Juan Zuniga to second
|
Batting: RHB Chun-hak Ahn
|
0-0: 3-RUN HOME RUN (Flyball, 78XD, EV 115.6 MPH), Distance : 441 ft
|
Batting: LHB Addergoole Kartosuwiryo
|
0-0: Swinging Strike 0-1: Ground out 1-3 (Groundball, 13S, EV 75.0 MPH)
|
Bottom of the 7th over - 3 runs, 3 hits, 0 errors, 0 left on base; University of Georgia 1 - University of Miami 8 |
TOP OF THE 8TH |
University of Georgia Bulldogs batting - Pitching for University of Miami Hurricanes : LHP Bert Anderson
|
Batting: LHB Casey Bass
|
0-0: Called Strike 0-1: Foul Ball, location: 2F 0-2: Ball 1-2: Strikes out swinging
|
Batting: SHB Hairama Seiuli
|
0-0: Ground out 5-3 (Groundball, 56, EV 80.0 MPH)
|
Batting: RHB Nate McCormick
|
0-0: Foul Ball, location: 2F 0-1: Ball 1-1: Called Strike 1-2: Ball 2-2: Strikes out looking
|
Top of the 8th over - 0 runs, 0 hits, 0 errors, 0 left on base; University of Georgia 1 - University of Miami 8 |
BOTTOM OF THE 8TH |
University of Miami Hurricanes batting - Pitching for University of Georgia Bulldogs : LHP Dan Hardy
|
Pitching: RHP Li-zhu Liu
|
|
Batting: RHB Justin Jackson
|
0-0: Ball 1-0: Ball 2-0: Swinging Strike 2-1: Foul Ball, location: 2F 2-2: SINGLE (Groundball, 56D, EV 106.9 MPH)
|
Pinch Hitting: RHB Sam Costello
|
0-0: Ground out 5-3 (Groundball, 56S, EV 80.0 MPH) Justin Jackson to second
|
Pinch Hitting: RHB Harry Labelle
|
0-0: Called Strike 0-1: Ball 1-1: 2-RUN HOME RUN (Flyball, 89XD, EV 105.0 MPH), Distance : 419 ft
|
Batting: LHB Juan Zuniga
|
0-0: Ball 1-0: Ball 2-0: Fly out, F9 (Flyball, 9LSF, EV 90.6 MPH)
|
Pinch Hitting: LHB Rusty Craig
|
0-0: Ground out 4-3 (Groundball, 4, EV 97.5 MPH)
|
Bottom of the 8th over - 2 runs, 2 hits, 0 errors, 0 left on base; University of Georgia 1 - University of Miami 10 |
TOP OF THE 9TH |
University of Georgia Bulldogs batting - Pitching for University of Miami Hurricanes : LHP Bert Anderson
|
Pitching: RHP Kevin Marthaler
|
|
Now at 2B: Harry Labelle
|
|
Now at SS: Brian Bell
|
|
Now in CF: Juan Zuniga
|
|
Now in RF: Rusty Craig
|
|
Pinch Hitting: RHB Ed Howard
|
0-0: Ball 1-0: Ball 2-0: SINGLE (Groundball, 6S, EV 70.6 MPH) (infield hit)
|
Pinch Hitting: RHB Mike McElwee
|
0-0: SINGLE (Groundball, 6MS, EV 70.6 MPH) (infield hit) Ed Howard to second
|
Pinch Hitting: LHB Andy Dyer
|
0-0: Called Strike 0-1: Foul Ball, location: 2F 0-2: Ball 1-2: Ball 2-2: Ball 3-2: Foul Ball, location: 2F 3-2: Foul Ball, location: 2F 3-2: Base on Balls Ed Howard to third Mike McElwee to second
|
Pitching: LHP Ryan Hosken
|
|
Pinch Hitting: RHB Bryan Sokol
|
0-0: Ball 1-0: Fly out, F1 (Line Drive, P, EV 73.1 MPH)
|
Pinch Hitting: RHB Rich Gold
|
0-0: Fly out, F8 (Flyball, 8RM, EV 85.6 MPH)
|
Pitching: RHP Juan Peralez
|
|
Pinch Hitting: RHB Pat Svenson
|
0-0: Ball 1-0: Ball 2-0: Foul Ball, location: 2F 2-1: Fielders Choice at 2nd, 6-4 (Groundball, 6, EV 97.5 MPH)
|
Top of the 9th over - 0 runs, 2 hits, 0 errors, 3 left on base; University of Georgia 1 - University of Miami 10 |
|